 Dungeon Crawl Stone Soup version 0.28-a0-384-g9e0c098162 (webtiles) character file.

Game seed: 10862045405044868615

38395 robertstho the Eclecticist (level 14, -1/98 HPs)
             Began as a Djinni Fire Elementalist on Sept 2, 2021.
             Was an Initiate of Gozag.
             Slain by a meliai (5 damage)
             ... on level 5 of the Lair of Beasts.
             The game lasted 00:39:42 (23487 turns).

robertstho the Eclecticist (DjFE)                  Turns: 23487, Time: 00:39:42

Health: -1/98      AC: 10    Str:  7    XL:     14   Next: 34%
Gold:   2852       EV: 15    Int: 22    God:    Gozag SH:  0 Dex: 19

rFire   + + +      SeeInvis .   e - +8 quarterstaff "Lyustre" {venom, *Noise rC+++ Dex+5 Stlth+}
rCold   + + +      Faith    .   (shield currently unavailable)
rNeg    . . .      Spirit   .   L - +1 robe of Icyenlosch {rElec rC+}
rPois   ∞          Reflect  .   r - +2 helmet
rElec   +          Harm     .   C - +0 cloak
rCorr   +          Rampage  .   p - +2 pair of gloves
Will    +....                   (boots unavailable)
Stlth   ++++......              (no amulet)
HPRegen 0.26/turn               x - ring of protection from fire
MPRegen 0.00/turn               E - ring of resist corrosion

@: about to teleport, resistant, gold aura, flying, hasted, very quick
A: sickness immunity, fire resistance 2, cold vulnerability 1, float, innate
caster, hp casting, extra vitality 1
a: Renounce Religion, Potion Petition, Call Merchant, Bribe Branch


You were on level 5 of the Lair of Beasts.
You worshipped Gozag.
Gozag was most pleased with you.
You visited 3 branches of the dungeon, and saw 17 of its levels.
You also visited: Sewer, Ossuary and Bailey.

You collected 4765 gold pieces.
You spent 650 gold pieces at shops.
You paid 1263 gold pieces to Gozag.

Inventory:

Hand Weapons
 e - the +8 quarterstaff "Lyustre" (weapon) {venom, *Noise rC+++ Dex+5 Stlth+}
   (You bought it in a shop on level 6 of the Dungeon)

   It poisons the flesh of those it strikes.
   Dex:       It affects your dexterity (+5).
   rC:        It renders you almost immune to cold.
   *Noise:    It may make noises in combat.
   Stlth:     It makes you more stealthy.
 n - the +6 short sword "Guply" {drain, Int+5 Dex-4}
   (You bought it in a shop on level 6 of the Dungeon)

   A truly terrible weapon, it drains the life of any living foe it strikes.
   Int:       It affects your intelligence (+5).
   Dex:       It affects your dexterity (-4).
 y - the +2 falchion "Zapanexu" {vorpal, Str-3 Int+2 Dex+8 SInv}
   (You bought it in a shop on level 6 of the Dungeon)

   It inflicts extra damage upon your enemies.
   Str:       It affects your strength (-3).
   Int:       It affects your intelligence (+2).
   Dex:       It affects your dexterity (+8).
   SInv:      It lets you see invisible.
Armour
 p - a +2 pair of gloves (worn)
 r - a +2 helmet (worn)
 z - a +2 robe of willpower
 C - a +0 cloak (worn)
 L - the +1 robe of Icyenlosch (worn) {rElec rC+}
   (You found it on level 3 of the Lair of Beasts)

   rC:        It protects you from cold.
   rElec:     It insulates you from electricity.
Jewellery
 x - a ring of protection from fire (left hand)
 E - a ring of resist corrosion (right hand)
 J - a ring of positive energy
Wands
 a - a wand of mindburst (11)
 i - a wand of acid (17)
 u - a wand of iceblast (34)
 w - a wand of flame (56)
 G - a wand of polymorph (8)
Scrolls
 c - 4 scrolls of immolation
 o - 2 scrolls of enchant armour
 q - 7 scrolls of fear
 s - 3 scrolls of blinking
 v - a scroll of vulnerability
 D - 2 scrolls of silence {unknown}
 F - 3 scrolls of fog {unknown}
 H - 2 scrolls of magic mapping
 M - a scroll of enchant weapon
 O - a scroll of identify
Potions
 b - 7 potions of haste {unknown}
 d - 2 potions of berserk rage
 f - 2 potions of degeneration {unknown}
 g - 4 potions of flight {unknown}
 j - 8 potions of curing {unknown}
 l - 3 potions of might {unknown}
 m - a potion of attraction {unknown}
 t - a potion of resistance
 A - a potion of magic {unknown}
 B - 3 potions of brilliance {unknown}
 I - a potion of mutation {unknown}
Miscellaneous
 h - a tin of tremorstones (2/2)
 K - a box of beasts
 N - a lightning rod (4/4)


   Skills:
 * Level 8.1 Fighting
 + Level 1.1(1.4) Polearms
 + Level 1.4(1.7) Staves
 + Level 5.2 Dodging
 + Level 4.8 Stealth
 * Level 15.7 Spellcasting
 + Level 1.1 Evocations


You had 7 spell levels left.
You knew the following spells:

 Your Spells              Type           Power      Damage    Failure   Level
a - Foxfire               Conj/Fire      100%       2x1d9     0%          1
b - Scorch                Fire           100%       2d10      0%          2
c - Conjure Flame         Conj/Fire      72%        6-21      0%          3
d - Inner Flame           Hex/Fire       72%        N/A       0%          3
e - Sticky Flame          Conj/Fire      72%        2d9       1%          4
f - Fireball              Conj/Fire      36%        3d15      1%          5
g - Pain                  Necr           100%       1d9       0%          1
h - Searing Ray           Conj           100%       3d7       0%          2
i - Gell's Gravitas       Tloc           36%        N/A       0%          3
j - Airstrike             Air            36%        N/A       1%          4
k - Animate Armour        Summ/Erth      100%       N/A       1%          4
l - Freezing Cloud        Conj/Ice/Air   36%        6-21      1%          5
Your spell library was empty.

Dungeon Overview and Level Annotations

Branches:
Dungeon (11/15)            Temple (1/1) D:4            Lair (5/6) D:9
 Shoals (0/4) Lair:2       Spider (0/4) Lair:2          Orc (0/2) D:11
  Sewer (visited)         Ossuary (visited)          Bailey (visited)
  Slime: Lair:5-6

Altars:
Cheibriados
Dithmenos
Fedhas
Gozag
Hepliaklqana
Kikubaaqudgha
Nemelex Xobeh
Qazlal
Ru
Uskayaw
Vehumet
Wu Jian
Xom
Yredelemnul
Zin

Shops:
D:6 ([(*

Annotations:
D:11 3 runed translucent doors, Buwkew's ghost, journeyman BaIE
Lair:4 2 transporters
Lair:5 2 transporters, Gaergho's ghost, journeyman DrAK


Innate Abilities, Weirdness & Mutations

You are immune to sickness and miasma.
You are immune to poison.
Your flesh is very heat resistant. (rF++)
You are vulnerable to cold. (rC-)
You float through the air rather than walking.
You learn spells naturally, not from books.
Your magical power is your life essence.
You have superior vitality. (+4 HP)


Message History

Aiming: Fireball (safe; 1% risk of failure)
Press: ? - help, Shift-Dir - straight line, f/p - elephant
Aim: an elephant (severely wounded)
The fireball explodes!
The fireball engulfs the elephant!!
You kill the elephant!
You hear a trumpeting!
You hear an angry buzzing noise.
You hear a roar!
The meliai invokes the aid of its god against you.
Something smites you!
* * * LOW HITPOINT WARNING * * *
Unknown command.
As you read the scroll of teleportation, it crumbles to dust.
You feel strangely unstable. The meliai hits you with a +0 hand axe.
* * * LOW HITPOINT WARNING * * *
The meliai closely misses you.
Unknown command.
Casting: Fireball (safe; 1% risk of failure)
Confirm with . or Enter, or press ? or * to list all spells.
Okay, then.
A killer bee comes into view.
The killer bee misses you.
The meliai mumbles some strange prayers to its god against you.
Something smites you!
* * * LOW HITPOINT WARNING * * *
The killer bee misses you. The killer bee stings you.
* * * LOW HITPOINT WARNING * * *
The meliai misses you. The meliai stings you.
* * * LOW HITPOINT WARNING * * *
Okay, then. [a] - 420 gold - haste and resistance [b] - 260 gold - haste [c] - 357 gold - resistance, lignification and might Purchase which effect?
You no longer have enough gold to bribe branches to halt enemies' attacks and recruit allies.
You feel yourself speed up.
You feel protected.
The killer bee is distracted by your dazzling golden aura.
The meliai hits you with a +0 hand axe.
You die...
Your body crumbles into a pile of gold.

..#.......... P
#......... # .
###...°...# ##### ..
#...≈.$...# ##..#. ##.
#...$$..# ##.#... ...≈
#....$.#####......
....$##......##P........
#.......................
......y@y.......©.......
........y..[#########...
.......#...##8l....8##..
##..##..Y$.#WY......©#..
## ....$..#YS.......#..
...#....#Y........#..
..#.#.>.#....©....#..
##.......#.........#.. ♣
## ####
.......#.........#..


You could see a death yak, an elephant, a komodo dragon, a black mamba, a yak, a
meliai, a dream sheep, 2 killer bees and Gaergho's ghost.

Vanquished Creatures
  Gastronok (Lair:3)
  A boulder beetle (D:11)
  7 hydras
  A two-headed ogre (D:7)
  5 death yaks (Lair:4)
  Sonja (D:9)
  A deep elf pyromancer (D:11)
  An orb spider (Lair:2)
  Pikel (D:7)
  A cyclops (D:11)
  A black mamba (Lair:1)
  A merfolk siren (Lair:2)
  17 elephants
  4 centaur zombies
  A torpor snail (Lair:4)
  14 cane toads
  2 gargoyles
  7 komodo dragons
  A rime drake (Lair:5)
  2 polar bears (Lair:4)
  8 blink frogs (Lair:4)
  A meliai zombie (D:11)
  Sigmund (D:3)
  2 wyverns
  A vampire (D:10)
  6 yaks
  Eustachio (D:5)
  A basilisk (Lair:5)
  2 wargs (D:11)
  3 vampire mosquitoes (D:10)
  17 water moccasins
  7 orc warriors
  Purgy (Sewer)
  A necrophage (D:6)
  2 black bears (D:9)
  2 ogres
  9 wolves
  6 centaurs
  A kobold brigand (D:9)
  2 elf zombies (Ossuary)
  A gnoll sergeant (D:11)
  A wyvern zombie (D:8)
  11 bullfrogs
  7 killer bees
  4 wights (D:9)
  3 howler monkeys (D:8)
  3 bullfrog zombies (D:6)
  2 human zombies (Ossuary)
  A hound (D:6)
  A jelly (D:6)
  3 orc priests
  2 bullfrog skeletons
  A centaur skeleton (D:5)
  Jessica (D:3)
  Ijyb (D:5)
  Terence (D:3)
  An iguana (D:7)
  3 orc wizards
  A killer bee zombie (D:9)
  2 mummies (Ossuary)
  2 howler monkey zombies (D:10)
  A howler monkey skeleton (D:5)
  11 gnolls
  6 adders
  A shadow imp (D:6)
  A white imp (D:7)
  An ufetubus (D:7)
  An adder zombie (Ossuary)
  4 dart slugs
  21 orcs
  8 ball pythons
  4 bats
  5 endoplasms
  10 giant cockroaches
  16 goblins
  12 hobgoblins
  4 jackals (D:4)
  22 kobolds
  7 quokkas
  3 frilled lizards
  3 goblin zombies (Ossuary)
  11 hobgoblin zombies (Ossuary)
  3 jackal zombies
  7 kobold zombies (Ossuary)
  9 orc zombies (Ossuary)
  5 rats
  A bush (Lair:4)
373 creatures vanquished.

Vanquished Creatures (others)
  202 foxfires
  32 fungi
  25 plants
259 creatures vanquished.

Grand Total: 632 creatures vanquished

Notes
Turn   | Place    | Note
-------+----------+-------------------------------------------
     0 | D:1      | robertstho the Djinni Fire Elementalist began the quest for
                  | the Orb.
     0 | D:1      | Reached XP level 1. HP: 15/15 MP: 0/0
   224 | D:1      | Reached XP level 2. HP: 15/21 MP: 0/0
   782 | D:1      | Reached skill level 3 in Spellcasting
   962 | D:1      | Reached XP level 3. HP: 22/25 MP: 0/0
   962 | D:1      | Learned a level 1 spell: Pain
  2195 | D:2      | Reached XP level 4. HP: 26/31 MP: 0/0
  2522 | D:2      | You are sucked into a shaft and drop 1 floor!
  2526 | D:3      | Noticed Terence
  2537 | D:3      | Killed Terence
  2538 | D:3      | Reached skill level 1 in Fighting
  2855 | D:3      | Reached XP level 5. HP: 29/37 MP: 0/0
  2855 | D:3      | Learned a level 2 spell: Searing Ray
  2892 | D:3      | Reached skill level 4 in Spellcasting
  3055 | D:3      | Noticed Sigmund
  3057 | D:3      | Found an ornate altar of the Wu Jian Council.
  3062 | D:3      | Killed Sigmund
  3063 | D:3      | Reached XP level 6. HP: 26/42 MP: 0/0
  3208 | D:3      | Reached skill level 5 in Spellcasting
  3446 | D:3      | Noticed Jessica
  3456 | D:3      | Killed Jessica
  3765 | D:4      | Found a staircase to the Ecumenical Temple.
  3777 | Temple   | Entered the Ecumenical Temple
  3898 | Temple   | Became a worshipper of Gozag Ym Sagoz the Greedy
  4225 | D:4      | Noticed an ogre
  4232 | D:4      | Killed an ogre
  4233 | D:4      | Reached XP level 7. HP: 40/49 MP: 0/0
  4233 | D:4      | Learned a level 3 spell: Gell's Gravitas
  4926 | D:5      | Entered Level 5 of the Dungeon
  4950 | D:5      | Noticed Eustachio
  4965 | D:5      | Killed Eustachio
  4966 | D:5      | Reached skill level 1 in Polearms
  5130 | D:5      | HP: 3/73 [orc priest/divine providence (15)]
  5366 | D:5      | Reached XP level 8. HP: 49/55 MP: 0/0
  5373 | D:5      | Noticed Ijyb
  5378 | D:5      | Killed Ijyb
  5379 | D:5      | Reached skill level 6 in Spellcasting
  5964 | D:6      | Found Myfupara's Armour Boutique.
  6028 | D:6      | Found a glowing drain.
  6035 | Sewer    | Entered a sewer
  6304 | Sewer    | Noticed Purgy
  6307 | Sewer    | Killed Purgy
  6464 | D:6      | Found Fuiced's Antique Weapon Shoppe.
  6477 | D:6      | Found a sand-covered staircase.
  6490 | Ossuary  | Entered an ossuary
  6834 | Ossuary  | HP: 1/55 [elf zombie (3)]
  6840 | Ossuary  | Reached skill level 7 in Spellcasting
  7409 | Ossuary  | Identified a scroll of acquirement
  7410 | Ossuary  | Acquired 420 gold pieces
  7421 | D:6      | Reached XP level 9. HP: 40/60 MP: 0/0
  7421 | D:6      | Learned a level 4 spell: Airstrike
  7614 | D:6      | Found Beab's Antique Weapon Shoppe.
  7622 | D:6      | Bought a transparent short sword for 184 gold pieces
  7622 | D:6      | Identified the +6 short sword "Guply" {drain, Int+5 Dex-4}
                  | (You bought it in a shop on level 6 of the Dungeon)
  7622 | D:6      | Bought an ancient falchion for 184 gold pieces
  7622 | D:6      | Identified the +2 falchion "Zapanexu" {vorpal, Str-3 Int+2
                  | Dex+8 SInv} (You bought it in a shop on level 6 of the
                  | Dungeon)
  7663 | D:6      | Bought a jewelled quarterstaff for 189 gold pieces
  7663 | D:6      | Identified the +8 quarterstaff "Lyustre" {venom, *Noise
                  | rC+++ Dex+5 Stlth+} (You bought it in a shop on level 6 of
                  | the Dungeon)
  7702 | D:6      | Found Keschy's Assorted Antiques.
  7839 | D:6      | Bought a scroll of identify for 62 gold pieces
  7839 | D:6      | Bought a scroll labelled IGEYCU HAUCRI for 31 gold pieces
  8466 | D:7      | Reached skill level 8 in Spellcasting
  8676 | D:7      | Noticed Pikel
  8694 | D:7      | Killed Pikel
  9186 | D:7      | Noticed a two-headed ogre
  9192 | D:7      | Killed a two-headed ogre
  9193 | D:7      | Reached skill level 9 in Spellcasting
  9193 | D:7      | Reached XP level 10. HP: 47/68 MP: 0/0
 10212 | D:8      | Found a shimmering altar of Xom.
 10792 | D:9      | Reached skill level 10 in Spellcasting
 11049 | D:9      | Found a staircase to the Lair.
 11049 | D:9      | Noticed an elephant
 11058 | D:9      | Killed an elephant
 11761 | D:9      | Found a sparkling altar of Nemelex Xobeh.
 11834 | D:9      | Found a sacrificial altar of Ru.
 11834 | D:9      | Found a hide-covered altar of Uskayaw.
 12141 | D:10     | Entered Level 10 of the Dungeon
 12406 | D:10     | Noticed a gargoyle
 12415 | D:10     | Killed a gargoyle
 12416 | D:10     | Reached skill level 5 in Fighting
 12471 | D:10     | Found a flagged portal.
 12489 | Bailey   | Entered a bailey
 12653 | Bailey   | Reached XP level 11. HP: 52/75 MP: 0/0
 12653 | Bailey   | Learned a level 4 spell: Animate Armour
 13062 | Bailey   | Found a burning altar of Makhleb.
 13128 | D:10     | Reached skill level 11 in Spellcasting
 13417 | D:10     | Found a basalt altar of Yredelemnul.
 13888 | D:11     | Found a staircase to the Orcish Mines.
 14029 | D:11     | Noticed a cyclops
 14352 | D:11     | Noticed a deep elf pyromancer
 14355 | D:11     | Killed a deep elf pyromancer
 14362 | D:11     | Noticed a boulder beetle
 14525 | D:11     | Killed a cyclops
 14584 | D:11     | Killed a boulder beetle
 14585 | D:11     | Reached skill level 12 in Spellcasting
 14858 | D:11     | Found a runed translucent gate.
 14860 | D:11     | Noticed Buwkew's ghost (journeyman BaIE)
 14880 | D:11     | Found a runed translucent gate.
 14881 | D:11     | Found a runed translucent gate.
 15531 | Lair:1   | Entered Level 1 of the Lair of Beasts
 15539 | Lair:1   | Noticed Sonja
 15696 | D:9      | Killed Sonja
 15697 | D:9      | Reached XP level 12. HP: 40/83 MP: 0/0
 16240 | Lair:1   | Noticed a seven-headed hydra
 16244 | Lair:1   | Killed a seven-headed hydra
 16245 | Lair:1   | Reached skill level 1 in Evocations
 16662 | Lair:1   | Reached skill level 1 in Staves
 16681 | Lair:1   | Reached skill level 13 in Spellcasting
 17644 | Lair:2   | Noticed a seven-headed hydra
 17649 | Lair:2   | Killed a seven-headed hydra
 17829 | Lair:2   | Noticed a seven-headed hydra
 17911 | Lair:2   | Killed a seven-headed hydra
 18268 | Lair:2   | Found a staircase to the Shoals.
 18619 | Lair:2   | Found a hole to the Spider Nest.
 19247 | Lair:3   | Noticed Gastronok
 19261 | Lair:3   | Killed Gastronok
 19262 | Lair:3   | Reached XP level 13. HP: 54/90 MP: 0/0
 19262 | Lair:3   | Learned a level 5 spell: Freezing Cloud
 19625 | Lair:3   | Reached skill level 14 in Spellcasting
 19690 | Lair:3   | Identified the +1 robe of Icyenlosch {rElec rC+}
 19949 | Lair:4   | Noticed a five-headed hydra
 19955 | Lair:4   | Noticed a five-headed hydra
 20360 | Lair:3   | Killed a five-headed hydra
 20548 | Lair:4   | Killed a five-headed hydra
 20645 | Lair:4   | Found a transporter.
 20713 | Lair:4   | Noticed a four-headed hydra
 20718 | Lair:4   | Killed a four-headed hydra
 20816 | Lair:4   | Reached skill level 5 in Dodging
 20968 | Lair:4   | Found a transporter.
 21778 | Lair:4   | Reached skill level 15 in Spellcasting
 22009 | Lair:4   | Reached XP level 14. HP: 51/97 MP: 0/0
 22535 | Lair:5   | Found a transporter.
 22560 | Lair:5   | Noticed Gaergho's ghost (journeyman DrAK)
 22585 | Lair:5   | Found a transporter.
 23486 | Lair:5   | HP: 4/98 [meliai (5)]
 23487 | Lair:5   | Slain by a meliai

Illustrated notes

Levels and vault maps discovered:
D:1:      ncdulo_lavacross, layout_basic, grunt_decor_cap, minmay_tetromino_s2
D:2:      layout_loops_ring, ebering_ecumenical_altar_mist, basic_altar,
          hangedman_decor_growths
D:3:      layout_rooms, lemuel_tele_altar, uniq_sigmund, uniq_jessica,
          uniq_terence
D:4:      cheibrodos_greedy_goblins, layout_cave_pools,
          minmay_temple_entry_antechambers
D:5:      layout_gridville, vehumet_crystals, uniq_ijyb, uniq_eustachio
D:6:      layout_basic, enter_ossuary_3, gup_sewer_entry_pipe, serial_shops,
          nicolae_shop_waterfront, nicolae_shop_competitors_out_of_business,
          shop, nicolae_shop_trees
D:7:      layout_loops_ring, uniq_pikel
D:8:      layout_basic, xom_butterflies
D:9:      layout_roguey, marbit_many_paths, gammafunk_temple_overflow_elements,
          david_lair_generic
D:10:     layout_stronghold, lemuel_zombie_altar_yredelemnul, enter_bailey_5
D:11:     layout_basic, minmay_orc_entry_guard_dogs, ebering_ghost_rock_garden,
          portal_ice_cave_entry_pillars_1
Temple:   regret_index_temple_generic_petals
Lair:1:   layout_long_grid, minivault_19, grunt_megastairs_4, uniq_sonja
Lair:2:   layout_chaotic_city, minmay_shoals_entry_lonely_mermaid,
          nicolae_spider_entry_orb_guardian
Lair:3:   layout_gridlike, st_stairs_8, uniq_gastronok
Lair:4:   gammafunk_worm_tunnel, layout_gridlike
Lair:5:   regret_index_tunnel_blossom, layout_cave_pods,
          minmay_slime_entry_pillars, gammafunk_ghost_arena, st_stairs_8,
          gammafunk_lair_bear_cave, serial_bayou_shore_b

Skill      XL: |  1  2  3  4  5  6  7  8  9 10 11 12 13 14 |
---------------+-------------------------------------------+-----
Spellcasting   | 3 4 5 7 9 10 12 13 15 | 15.7
Fighting       | 1 2 3 4 5 6 7 8 |  8.1
Stealth        | 2 3 4 |  4.8
Polearms       | 1 |  1.1
Dodging        | 3 4 5 |  5.2
Evocations     | 1 |  1.1
Staves         | 1 |  1.4

Action                   |  1- 3 |  4- 6 |  7- 9 | 10-12 | 13-15 || total
-------------------------+-------+-------+-------+-------+-------++-------
Melee: Scythe            |       |    36 |    30 |       |       ||    66
       Quarterstaff      |       |       |    13 |     4 |     8 ||    25
 Cast: Foxfire           |    94 |    31 |    13 |       |       ||   138
       Scorch            |       |    28 |   119 |    22 |     1 ||   170
       Sticky Flame      |       |     1 |    17 |    26 |    12 ||    56
       Fireball          |       |       |    16 |   184 |    42 ||   242
       Gell's Gravitas   |       |       |       |     3 |     1 ||     4
       Inner Flame       |       |       |       |     1 |       ||     1
       Freezing Cloud    |       |       |       |       |    64 ||    64
Invok: Potion Petition   |       |       |     1 |     1 |     1 ||     3
Evoke: Wand              |       |       |       |     6 |       ||     6
       Tin of tremorston |       |       |       |     2 |       ||     2
  Use: Potion            |       |       |     4 |     2 |       ||     6
       Scroll            |       |       |     8 |     6 |     2 ||    16
 Stab: Sleeping          |       |     1 |     2 |       |       ||     3
Armor: Robe              |     3 |    25 |    37 |    23 |    12 ||   100
Dodge: Dodged            |     8 |    48 |    81 |    51 |    24 ||   212

Table legend: (Time is in decaauts)
 A = Elapsed time spent in this place.
 B = Non-inter-level travel time spent in this place.
 C = Inter-level travel time spent in this place.
 D = Time resting spent in this place.
 E = Time spent auto-exploring this place.
 F = Levels seen in this place.
 G = Mean time per level.
                   A        B        C        D        E       F      G
               +--------+--------+--------+--------+--------+-----+--------+
         Total |  23562 |  22804 |    758 |   3117 |  16946 |  20 | 1178.1 |
       Dungeon |  14033 |  13619 |    414 |   1168 |  10851 |  11 | 1275.7 |
        Temple |    152 |    121 |     31 |      0 |    102 |   1 |  152.0 |
          Lair |   7523 |   7211 |    312 |   1673 |   4815 |   5 | 1504.6 |
         Sewer |    322 |    322 |      0 |      0 |    287 |   1 |  322.0 |
       Ossuary |    923 |    923 |      0 |    131 |    518 |   1 |  923.0 |
        Bailey |    606 |    606 |      0 |    145 |    372 |   1 |  606.0 |
               +--------+--------+--------+--------+--------+-----+--------+

Top non-repeatable levels by time:
  Lair:4: 2763 daAuts
     D:1: 2036 daAuts
     D:9: 1825 daAuts
  Lair:1: 1720 daAuts
  Lair:3: 1640 daAuts
    D:10: 1558 daAuts
     D:7: 1298 daAuts
     D:6: 1273 daAuts
     D:3: 1225 daAuts
    D:11: 1199 daAuts
  Lair:2: 1130 daAuts
     D:4: 1079 daAuts
     D:5: 1040 daAuts
     D:8: 1013 daAuts
 Ossuary: 923 daAuts
